 Dungeon Sprint DCSS version 0.17-a0-1651-gae1a69f (webtiles) character file.

1831 nuthulu the Transmogrifier (level 9, -8/81 HPs)
             Began as a Naga Transmuter on Aug 14, 2015.
             Was a Believer of Cheibriados.
             Shot with an arrow of frost by a centaur (11 damage)
             ... in the Dungeon (Sprint III: "The Ten Rune Challenge").
             The game lasted 00:06:14 (1913 turns).

nuthulu the Transmogrifier (Naga Transmuter)        Turns: 1913, Time: 00:06:14

Health: -8/81      AC:  5    Str: 18    XL:     9   Next: 11%
Magic:  19/24      EV: 13    Int: 22    God:    Cheibriados [**....]
Gold:   55         SH:  0    Dex: 19    Spells: 4 memorised, 18 levels left

rFire  . . .     SeeInvis +       - Unarmed
rCold  . . .     Clarity  .     b - +0 robe
rNeg   . . .     SustAt   .     (shield currently unavailable)
rPois  +         Gourm    .     (no helmet)
rElec  .         Spirit   .     (no cloak)
rCorr  .         Warding  .     (gloves currently unavailable)
rMut   .         NoTele   +     (no barding)
MR     +....                    (no amulet)
Stlth  ++........               (no ring)
                                (no ring)

@: blade hands, very slow, somewhat resistant to hostile enchantments,
unstealthy
A: see invisible, agile 1, blink 1, clever 1, deformed body, poison resistance,
shaggy fur 1, slowness 2, slow metabolism 1, spit poison 2, strong 1, AC +3
a: Spit Poison, End Transformation, Blink, Bend Time, Renounce Religion


You were in the Dungeon.
You worshipped Cheibriados.
Cheibriados was pleased with you.
You were not hungry.
You had blades for hands.
You visited 1 branch You collected 55 gold pieces.

Inventory:

Missiles
 a - 12 arrows
Armour
 b - a +0 robe (worn)
Scrolls
 i - a scroll of torment
 j - 2 scrolls of blinking
Potions
 e - a potion of curing
 h - 2 potions of magic
 k - a potion of berserk rage
 n - 2 potions of cure mutation
 o - a potion of flight
Books
 c - a book of Changes

   Spells                             Type                      Level
   a - Beastly Appendage              Transmutation                1
   b - Sticks to Snakes               Transmutation                2
   c - Spider Form                    Transmutation/Poison         3
   d - Ice Form                       Ice/Transmutation            4
   e - Blade Hands                    Transmutation                5
 g - a book of the Sky

   Spells                             Type                      Level
   a - Summon Lightning Spire         Summoning/Air                4
   b - Airstrike                      Air                          4
   c - Silence                        Hexes/Air                    5
   d - Deflect Missiles               Charms/Air                   6
   e - Conjure Ball Lightning         Conjuration/Air              6
   f - Tornado                        Air                          9
Miscellaneous
 l - a legendary deck of destruction
Comestibles
 d - a bread ration
 m - 5 fruits


   Skills:
 + Level 5.1 Fighting
 + Level 4.7 Dodging
 - Level 0.9 Stealth
 - Level 6.0 Unarmed Combat
 + Level 11.6 Spellcasting
 + Level 12.4 Transmutations


You had 18 spell levels left.
You knew the following spells:

 Your Spells              Type           Power        Failure   Level  Hunger
a - Beastly Appendage     Trmt           ######       4%          1    None
b - Spider Form           Trmt/Pois      #####.....   17%         3    None
c - Blade Hands           Trmt           ######....   14%         5    ####...
d - Ice Form              Ice/Trmt       #####...     32%         4    None


Dungeon Overview and Level Annotations

Branches:
Dungeon (1/1)

Altars:
Cheibriados
Dithmenos
Elyvilon
Fedhas
Gozag
Kikubaaqudgha
Makhleb
Nemelex Xobeh
Okawaru
Qazlal
Ru
Sif Muna
Trog
Vehumet
Xom
Yredelemnul
Zin
The Shining One
Jiyva
Lugonu


Innate Abilities, Weirdness & Mutations

You cannot wear boots.
Your serpentine skin is tough (AC +3).
You have supernaturally acute eyesight.
Armour fits poorly on your strangely shaped body.
Your system is resistant to poisons.
You cover ground very slowly.
You have a slow metabolism.
You can spit poison.
You are agile. (Dex +2)
You can translocate small distances at will.
Your mind is acute. (Int +2)
You are covered in fur (AC +1).
Your muscles are strong. (Str +2)


Message History

Things that are here:
an arrow; an arrow of frost
Casting: Blade Hands
Confirm with . or Enter, or press ? or * to list all spells.
Your hands turn into razor-sharp scythe blades.
The centaur wields a shortbow.
The centaur shoots an arrow.
The arrow barely misses you.
The centaur warrior shoots an arrow.
The arrow hits you!!
Casting: Blade Hands
Confirm with . or Enter, or press ? or * to list all spells.
Okay, then.
The centaur shoots an arrow of frost.
The arrow of frost hits you! The arrow of frost freezes you.
* * * LOW HITPOINT WARNING * * *
The centaur shoots an arrow of frost.
The arrow of frost hits you!
* * * LOW HITPOINT WARNING * * *
The arrow of frost freezes you.
* * * LOW HITPOINT WARNING * * *
The centaur shoots an arrow of frost.
The arrow of frost hits you!
You die...

#__[#__#$ #)..#†_#.
#'###'##$ .......#$
.......#. ######+#$
#__#...#+#############
#__#...#..§§§'.#.(cc.+
#__#...#.#§§§#§#@#c..#
#__#...+.#.§§#§#.#cc.#
#_.'...#.#§§§#...#...#
▓▓▓▓▓▓▓▓▓▓▓▓▓▓▓▓▓▓▓▓▓#


You could see a centaur warrior and a centaur.

Vanquished Creatures
  Erica (D)
  A deep elf priest (D)
  A shadow (D)
  A spatial vortex (D)
  A necrophage (D)
  An earth elemental (D)
  A water elemental (D)
  A scorpion (D)
  A wizard (D)
  A jelly (D)
  A necromancer (D)
  3 humans (D)
  A kobold demonologist (D)
  2 oozes (D)
  2 rats (D)
19 creatures vanquished.

Vanquished Creatures (others)
  2 draconian scorchers (D)
  2 yaktaurs (D)
4 creatures vanquished.

Grand Total: 23 creatures vanquished

Notes
Turn   | Place    | Note
--------------------------------------------------------------
     0 | D        | nuthulu the Naga Transmuter began the quest for the Orb.
     0 | D        | Reached XP level 1. HP: 18/18 MP: 3/3
    10 | D        | Reached skill level 4 in Unarmed Combat
    10 | D        | Reached XP level 2. HP: 13/25 MP: 2/5
    40 | D        | Killed a yaktaur
   196 | D        | Killed a white draconian scorcher
   204 | D        | Killed a white draconian scorcher
   226 | D        | Reached skill level 5 in Unarmed Combat
   226 | D        | Reached XP level 3. HP: 7/32 MP: 4/7
   488 | D        | Noticed a scorpion
   497 | D        | Killed a scorpion
   497 | D        | Reached skill level 6 in Unarmed Combat
   497 | D        | Reached XP level 4. HP: 38/40 MP: 6/9
   704 | D        | Gained mutation: You are agile. (Dex +2) [potion of mutation]
   704 | D        | Gained mutation: Your mind is acute. (Int +2) [potion of mutation]
   704 | D        | Gained mutation: You are covered in fur (AC +1). [potion of mutation]
   705 | D        | Gained mutation: You can translocate small distances at will. [potion of mutation]
   705 | D        | Gained mutation: Your muscles are strong. (Str +2) [potion of mutation]
   710 | D        | Killed a yaktaur
   745 | D        | Learned a level 3 spell: Spider Form
   747 | D        | Noticed a water elemental
   763 | D        | Killed a water elemental
   763 | D        | Reached skill level 5 in Spellcasting
   763 | D        | Reached skill level 5 in Transmutations
   763 | D        | Reached XP level 5. HP: 43/46 MP: 4/12
   823 | D        | Found a radiant altar of Vehumet.
   823 | D        | Found a deep blue altar of Sif Muna.
   823 | D        | Found an ancient bone altar of Kikubaaqudgha.
   823 | D        | Noticed a wizard
   826 | D        | Killed a wizard
   827 | D        | Noticed a red devil
   944 | D        | Learned a level 5 spell: Blade Hands
   948 | D        | Found a glowing silver altar of Zin.
   949 | D        | Found a glowing golden altar of the Shining One.
   949 | D        | Found a white marble altar of Elyvilon.
   949 | D        | Noticed a deep elf priest
   952 | D        | Killed a deep elf priest
   952 | D        | Reached skill level 8 in Spellcasting
   952 | D        | Reached skill level 9 in Transmutations
   952 | D        | Reached XP level 6. HP: 46/55 MP: 9/17
  1086 | D        | Found an iron altar of Okawaru.
  1086 | D        | Found a bloodstained altar of Trog.
  1086 | D        | Noticed a human
  1087 | D        | Noticed a human
  1090 | D        | Killed a human
  1090 | D        | Reached XP level 7. HP: 61/61 MP: 12/19
  1097 | D        | Killed a human
  1097 | D        | Reached skill level 10 in Transmutations
  1135 | D        | Found a basalt altar of Yredelemnul.
  1135 | D        | Found a snail-covered altar of Cheibriados.
  1135 | D        | Found a blossoming altar of Fedhas.
  1135 | D        | Noticed a necrophage
  1135 | D        | Noticed a necromancer
  1142 | D        | Killed a necrophage
  1142 | D        | Reached skill level 10 in Spellcasting
  1144 | D        | Killed a necromancer
  1144 | D        | Reached skill level 11 in Transmutations
  1154 | D        | Became a worshipper of Cheibriados the Contemplative
  1205 | D        | Noticed a jelly
  1207 | D        | Noticed a shadow
  1211 | D        | Killed a jelly
  1215 | D        | Killed a shadow
  1215 | D        | Reached XP level 8. HP: 37/67 MP: 16/22
  1355 | D        | Found a stormy altar of Qazlal.
  1355 | D        | Found a sacrificial altar of Ru.
  1355 | D        | Found a burning altar of Makhleb.
  1355 | D        | Found a shimmering altar of Xom.
  1355 | D        | Noticed a spatial vortex
  1358 | D        | Killed a spatial vortex
  1358 | D        | Acquired Cheibriados's first power
  1359 | D        | Found a viscous altar of Jiyva.
  1359 | D        | Found a shadowy altar of Dithmenos.
  1359 | D        | Found a sparkling altar of Nemelex Xobeh.
  1359 | D        | Found a corrupted altar of Lugonu.
  1359 | D        | Found an opulent altar of Gozag.
  1416 | D        | Noticed Erica
  1429 | D        | Killed Erica
  1429 | D        | Reached skill level 5 in Fighting
  1429 | D        | Reached skill level 12 in Transmutations
  1429 | D        | Reached XP level 9. HP: 31/81 MP: 20/24
  1722 | D        | Noticed an earth elemental
  1730 | D        | Killed an earth elemental
  1753 | D        | Learned a level 4 spell: Ice Form
  1911 | D        | Noticed a centaur
  1911 | D        | Noticed a centaur warrior
  1911 | D        | Noticed a centaur
  1913 | D        | HP: 3/81 [centaur/arrow of frost (6)]
  1913 | D        | Shot with an arrow of frost by a centaur

Vault maps used:
D:        dungeon_sprint_mu

Action                   |  1- 3 |  4- 6 |  7- 9 || total
-------------------------+-------+-------+-------++-------
Melee: Unarmed           |    28 |    22 |    39 ||    89
 Cast: Beastly Appendage |     5 |       |       ||     5
       Spider Form       |       |     2 |       ||     2
       Blade Hands       |       |     2 |     6 ||     8
 Abil: Spit Poison       |     1 |       |       ||     1
  Use: Potion            |     2 |     4 |     1 ||     7
       Scroll            |       |     4 |       ||     4
 Stab: Sleeping          |       |     1 |     1 ||     2
  Eat: Fruit             |       |     2 |       ||     2
       Royal jelly       |       |       |     1 ||     1
